Map: Ulrena

Players

Grumm

  • Race: Protoss Protoss
  • League: Gold

TheSacred - Winner!

  • Race: Zerg Zerg
  • League: Gold

VOD

Have the link to the VOD?

Description

Time

  • Played on: Jan. 22, 2016, 6:04 p.m.
  • Length: 4:09
Show
View Real Time Build Order
Export as new Build Order

Grumm Protoss 

Build Orders: 1 Gate Expand 

Get SALT Encoding   

  12  0:01  Probe (Chrono Boost)  
  13  0:13  Probe (Chrono Boost)  
  14  0:20  Pylon  
  14  0:26  Probe (Chrono Boost)  
  15  0:40  Gateway  
  16  0:43  Probe (Chrono Boost)  
  16  0:53  Assimilator  
  16  0:55  Probe (Chrono Boost)  
  17  1:03  Gateway  
  17  1:06  Probe (Chrono Boost)  
  18  1:16  Probe (Chrono Boost)  
  19  1:34  Zealot  
  21  1:44  Nexus  
  21  1:52  Cybernetics Core  
  21  1:57  Probe (Chrono Boost)  
  22  2:13  Pylon  
  23  2:15  Probe (Chrono Boost)  
  23  2:31  Probe (Chrono Boost), Zealot (Chrono Boost)  
  23  2:33  Zealot (Chrono Boost)  
  28  2:42  Probe  
  29  2:59  Probe  
  29  3:00  Probe  
  31  3:10  Probe  
  32  3:18  Pylon, Adept (Chrono Boost)  
  32  3:19  Adept (Chrono Boost)  
  33  3:22  Pylon  
  30  3:37  Probe  
  28  3:53  Probe  
  28  3:54  Probe  
  30  4:02  Gateway  
Show
View Real Time Build Order
Export as new Build Order

TheSacred Zerg - Winner!

Build Orders: Hatch First 

Get SALT Encoding   

  12  0:01  Drone  
  13  0:09  Drone  
  14  0:17  Overlord  
  14  0:36  Drone x3  
  17  0:55  Hatchery  
  16  0:58  Drone  
  17  1:17  Drone, Spawning Pool  
  17  1:18  Extractor  
  16  1:23  Drone  
  16  1:24  Drone  
  18  1:34  Drone  
  19  2:04  Zergling x6  
  19  2:06  Queen  
  19  2:07  Overlord, Queen  
  26  2:15  Zergling x2  
  26  2:18  Zergling x2  
  28  2:29  Zergling x2  
  29  2:31  Zergling x2  
  30  2:42  Zergling x2  
  31  2:47  Zergling x2, Metabolic Boost  
  31  2:49  Zergling x2  
  33  2:55  Zergling x2  
  31  3:17  Zergling x10  
  31  3:27  Queen  
  31  3:29  Zergling x4  
  31  3:32  Overlord  
  35  3:40  Drone x2  
  35  3:51  Zergling x4  
Tags
 
Add a new tag
Caveats
  • Supply blocks, unpowered buildings, or Contaminate may cause inaccurate times.
  • Supply counts are checked every 10 seconds.